| TOP OF THE 1ST |
|
Texas Rangers batting - Pitching for Minnesota Twins : RHP Gerbrand van de Bilt
|
|
Pitching: RHP Gerbrand van de Bilt
|
|
|
Batting: SHB Tony Prado
|
0-0: Ball 1-0: Foul Ball, location: 2F 1-1: Swinging Strike 1-2: Ball 2-2: SINGLE (Groundball, 34D, EV 100.6 MPH)
|
|
Batting: LHB Sean Geisler
|
0-0: Ball 1-0: Foul Ball, location: 2F 1-1: Ball 2-1: Grounds into double play, 6-4-3 (Groundball, 6M, EV 86.9 MPH)
|
|
Batting: SHB Rich Chavez
|
0-0: Ball 1-0: Foul Ball, location: 2F 1-1: Foul Ball, location: 2F 1-2: Strikes out swinging
|
| Top of the 1st over - 0 runs, 1 hit, 0 errors, 0 left on base; Texas 0 - Minnesota 0 |
| BOTTOM OF THE 1ST |
|
Minnesota Twins batting - Pitching for Texas Rangers : RHP Kevin Ovens-Toots
|
|
Pitching: RHP Kevin Ovens-Toots
|
|
|
Batting: RHB Greg Harman
|
0-0: Ball 1-0: Foul Ball, location: 2F 1-1: Called Strike 1-2: Foul Ball, location: 2F 1-2: Ball 2-2: SINGLE (Line Drive, 4MD, EV 98.8 MPH)
|
|
Batting: LHB Peer Derks
|
0-0: Swinging Strike 0-1: Ball 1-1: Grounds into double play, 4-6-3 (Groundball, 34D, EV 108.8 MPH)
|
|
Batting: RHB Miguel Diaz
|
0-0: Ball 1-0: Ball 2-0: Fly out, F7 (Flyball, 7, EV 96.9 MPH)
|
| Bottom of the 1st over - 0 runs, 1 hit, 0 errors, 0 left on base; Texas 0 - Minnesota 0 |
| TOP OF THE 2ND |
|
Texas Rangers batting - Pitching for Minnesota Twins : RHP Gerbrand van de Bilt
|
|
Batting: RHB Marc Peckermark
|
0-0: Ball 1-0: Ball 2-0: Ball 3-0: Called Strike 3-1: Base on Balls
|
|
Batting: SHB Vince Ealy
|
0-0: Ball 1-0: Ball 2-0: Ball 3-0: Base on Balls Marc Peckermark to second
|
|
Batting: RHB Hiroshige Yamada
|
0-0: Ball 1-0: Called Strike 1-1: Swinging Strike 1-2: Ball 2-2: Grounds into double play, 6-4-3 (Groundball, 56, EV 78.1 MPH) Marc Peckermark to third
|
|
Batting: RHB Zhao-ji Chi
|
0-0: Foul Ball, location: 2F 0-1: Called Strike 0-2: Ball Wild Pitch! Marc Peckermark scores 1-2: Ball 2-2: Ball 3-2: Foul Ball, location: 2F 3-2: Strikes out swinging
|
| Top of the 2nd over - 1 run, 0 hits, 0 errors, 0 left on base; Texas 1 - Minnesota 0 |
| BOTTOM OF THE 2ND |
|
Minnesota Twins batting - Pitching for Texas Rangers : RHP Kevin Ovens-Toots
|
|
Batting: RHB Will Leslie
|
0-0: Ball 1-0: Foul Ball, location: 2F 1-1: Ball 2-1: Ball 3-1: Base on Balls
|
|
Batting: LHB Harris Vink
|
0-0: Ball 1-0: Foul Ball, location: 2F 1-1: SINGLE (Groundball, 25, EV 65.6 MPH) (infield hit) Will Leslie to second
|
|
Batting: LHB Per Meulengracht
|
0-0: Called Strike 0-1: Ball 1-1: Fielders Choice at 2nd, 4-6 (Groundball, 4, EV 103.8 MPH) Will Leslie to third
|
|
Batting: RHB Alex Rodriguez Jr.
|
0-0: Called Strike 0-1: Ball 1-1: Ball 2-1: Called Strike Per Meulengracht steals 2nd base 2-2: Ball Wild Pitch! Will Leslie scores Per Meulengracht to third 3-2: Foul Ball, location: 2F 3-2: Base on Balls
|
|
Batting: RHB John Creel
|
0-0: Called Strike 0-1: Foul Ball, location: 2F 0-2: Ball 1-2: Foul Ball, location: 2F 1-2: Ball 2-2: Foul Ball, location: 2F 2-2: Fly out, F8 (Line Drive, 8LM, EV 86.2 MPH) Runner from 3rd tags up, SCORES, throw by CF
|
|
Batting: RHB Alex Sandoval
|
0-0: Ball 1-0: Called Strike 1-1: Ball 2-1: Foul Ball, location: 2F 2-2: Strikes out swinging
|
| Bottom of the 2nd over - 2 runs, 1 hit, 0 errors, 1 left on base; Texas 1 - Minnesota 2 |
| TOP OF THE 3RD |
|
Texas Rangers batting - Pitching for Minnesota Twins : RHP Gerbrand van de Bilt
|
|
Batting: RHB Imbart Faber
|
0-0: Ball 1-0: Fly out, F7 (Line Drive, 7, EV 98.1 MPH)
|
|
Batting: RHB Chris Torlak
|
0-0: Foul Ball, location: 2F 0-1: Called Strike 0-2: Strikes out looking
|
|
Batting: SHB Tony Prado
|
0-0: Ball 1-0: Ball 2-0: Called Strike 2-1: Foul Ball, location: 2F 2-2: Ball 3-2: Ground out 1-3 (Groundball, 34S, EV 64.4 MPH)
|
| Top of the 3rd over - 0 runs, 0 hits, 0 errors, 0 left on base; Texas 1 - Minnesota 2 |
| BOTTOM OF THE 3RD |
|
Minnesota Twins batting - Pitching for Texas Rangers : RHP Kevin Ovens-Toots
|
|
Batting: RHB Greg Harman
|
0-0: Ball 1-0: Ball 2-0: Called Strike 2-1: Ground out 6-3 (Groundball, 56, EV 95.0 MPH)
|
|
Batting: LHB Peer Derks
|
0-0: Ball 1-0: Foul Ball, location: 2F 1-1: Fly out, F8 (Line Drive, 8LD, EV 93.8 MPH)
|
|
Batting: RHB Miguel Diaz
|
0-0: Ball 1-0: Foul Ball, location: 2F 1-1: Foul Ball, location: 2F 1-2: Ball 2-2: SINGLE (Line Drive, 9S, EV 105.6 MPH)
|
|
Batting: RHB Will Leslie
|
0-0: Ball 1-0: Ground out 4-3 (Groundball, 34, EV 83.8 MPH)
|
| Bottom of the 3rd over - 0 runs, 1 hit, 0 errors, 1 left on base; Texas 1 - Minnesota 2 |
| TOP OF THE 4TH |
|
Texas Rangers batting - Pitching for Minnesota Twins : RHP Gerbrand van de Bilt
|
|
Batting: LHB Sean Geisler
|
0-0: Fly out, F4 (Line Drive, 4, EV 75.6 MPH)
|
|
Batting: SHB Rich Chavez
|
0-0: Swinging Strike 0-1: Ball 1-1: Ball 2-1: Ball 3-1: Base on Balls
|
|
Batting: RHB Marc Peckermark
|
0-0: SINGLE (Groundball, 56S, EV 73.1 MPH) (infield hit) Rich Chavez to second
|
|
Batting: SHB Vince Ealy
|
0-0: Foul Ball, location: 2F 0-1: Swinging Strike 0-2: Strikes out swinging
|
|
Batting: RHB Hiroshige Yamada
|
0-0: Ball Wild Pitch! Rich Chavez to third Marc Peckermark to second 1-0: Called Strike 1-1: Fly out, F7 (Line Drive, 78M, EV 96.2 MPH)
|
| Top of the 4th over - 0 runs, 1 hit, 0 errors, 2 left on base; Texas 1 - Minnesota 2 |
| BOTTOM OF THE 4TH |
|
Minnesota Twins batting - Pitching for Texas Rangers : RHP Kevin Ovens-Toots
|
|
Batting: LHB Harris Vink
|
0-0: Called Strike 0-1: Ball 1-1: Swinging Strike 1-2: Strikes out swinging
|
|
Batting: LHB Per Meulengracht
|
0-0: Called Strike 0-1: Ball 1-1: Ground out 4-3 (Groundball, 4S, EV 67.5 MPH)
|
|
Batting: RHB Alex Rodriguez Jr.
|
0-0: Called Strike 0-1: Ball 1-1: Swinging Strike 1-2: Foul Ball, location: 2F 1-2: Strikes out swinging
|
| Bottom of the 4th over - 0 runs, 0 hits, 0 errors, 0 left on base; Texas 1 - Minnesota 2 |
| TOP OF THE 5TH |
|
Texas Rangers batting - Pitching for Minnesota Twins : RHP Gerbrand van de Bilt
|
|
Batting: RHB Zhao-ji Chi
|
0-0: Ground out 4-3 (Groundball, 4, EV 109.4 MPH)
|
|
Batting: RHB Imbart Faber
|
0-0: Ball 1-0: Ball 2-0: Fly out, F8 (Flyball, 8LD, EV 90.6 MPH)
|
|
Batting: RHB Chris Torlak
|
0-0: Called Strike 0-1: Ball 1-1: Foul Ball, location: 2F 1-2: Ball 2-2: SOLO HOME RUN (Line Drive, 7D, EV 96.9 MPH), Distance : 393 ft
|
|
Batting: SHB Tony Prado
|
0-0: Called Strike 0-1: Ball 1-1: SOLO HOME RUN (Flyball, 9LD, EV 93.8 MPH), Distance : 369 ft
|
|
Batting: LHB Sean Geisler
|
0-0: Ball 1-0: Ball 2-0: Called Strike 2-1: Foul Ball, location: 2F 2-2: Strikes out swinging
|
| Top of the 5th over - 2 runs, 2 hits, 0 errors, 0 left on base; Texas 3 - Minnesota 2 |
| BOTTOM OF THE 5TH |
|
Minnesota Twins batting - Pitching for Texas Rangers : RHP Kevin Ovens-Toots
|
|
Batting: RHB John Creel
|
0-0: Ball 1-0: Swinging Strike 1-1: Foul Ball, location: 2F 1-2: Strikes out swinging, 2-3 out at first.
|
|
Batting: RHB Alex Sandoval
|
0-0: Ball 1-0: Called Strike 1-1: DOUBLE (Line Drive, 9LS, EV 100.6 MPH)
|
|
Batting: RHB Greg Harman
|
0-0: Called Strike 0-1: Ball 1-1: Ball 2-1: Ball 3-1: Foul Ball, location: 2F 3-2: Strikes out swinging
|
|
Batting: LHB Peer Derks
|
0-0: Called Strike 0-1: Ball 1-1: Ball 2-1: Foul Ball, location: 2F 2-2: Foul Ball, location: 2F 2-2: Ball 3-2: Strikes out swinging, 2-3 out at first.
|
| Bottom of the 5th over - 0 runs, 1 hit, 0 errors, 1 left on base; Texas 3 - Minnesota 2 |
| TOP OF THE 6TH |
|
Texas Rangers batting - Pitching for Minnesota Twins : RHP Gerbrand van de Bilt
|
|
Batting: SHB Rich Chavez
|
0-0: Ball 1-0: Ball 2-0: Called Strike 2-1: Called Strike 2-2: Strikes out swinging
|
|
Batting: RHB Marc Peckermark
|
0-0: Called Strike 0-1: Ball 1-1: Ball 2-1: Fly out, F8 (Flyball, 78XD, EV 89.4 MPH)
|
|
Batting: SHB Vince Ealy
|
0-0: Called Strike 0-1: Ball 1-1: Foul Ball, location: 2F 1-2: Ball 2-2: Strikes out swinging
|
| Top of the 6th over - 0 runs, 0 hits, 0 errors, 0 left on base; Texas 3 - Minnesota 2 |
| BOTTOM OF THE 6TH |
|
Minnesota Twins batting - Pitching for Texas Rangers : RHP Kevin Ovens-Toots
|
|
Batting: RHB Miguel Diaz
|
0-0: Ground out 6-3 (Groundball, 6, EV 98.1 MPH)
|
|
Batting: RHB Will Leslie
|
0-0: Called Strike 0-1: Fly out, F6 (Flyball, 56D, EV 88.1 MPH)
|
|
Batting: LHB Harris Vink
|
0-0: Fly out, F7 (Line Drive, 7S, EV 94.4 MPH)
|
| Bottom of the 6th over - 0 runs, 0 hits, 0 errors, 0 left on base; Texas 3 - Minnesota 2 |
| TOP OF THE 7TH |
|
Texas Rangers batting - Pitching for Minnesota Twins : RHP Gerbrand van de Bilt
|
|
Batting: RHB Hiroshige Yamada
|
0-0: Called Strike 0-1: Foul Ball, location: 2F 0-2: Foul Ball, location: 2F 0-2: Ball 1-2: Ball 2-2: Ball 3-2: Base on Balls
|
|
Batting: RHB Zhao-ji Chi
|
0-0: Ball 1-0: Foul Ball, location: 2F 1-1: Foul Ball, location: 2F 1-2: Strikes out swinging
|
|
Batting: RHB Imbart Faber
|
0-0: Grounds into double play, 4-6-3 (Groundball, 4, EV 104.4 MPH)
|
| Top of the 7th over - 0 runs, 0 hits, 0 errors, 0 left on base; Texas 3 - Minnesota 2 |
| BOTTOM OF THE 7TH |
|
Minnesota Twins batting - Pitching for Texas Rangers : RHP Kevin Ovens-Toots
|
|
Batting: LHB Per Meulengracht
|
0-0: Called Strike 0-1: Foul Ball, location: 2F 0-2: Strikes out swinging
|
|
Batting: RHB Alex Rodriguez Jr.
|
0-0: SINGLE (Line Drive, 89S, EV 87.5 MPH)
|
|
Batting: RHB John Creel
|
0-0: Ball Alex Rodriguez Jr. steals 2nd base 1-0: Ball 2-0: Ball 3-0: Called Strike 3-1: Called Strike 3-2: Fly out, F9 (Line Drive, 89D, EV 85.6 MPH)
|
|
Pitching: RHP Mark Lopez
|
|
|
Batting: RHB Alex Sandoval
|
0-0: Ball 1-0: Ball 2-0: Fly out, F9 (Flyball, 9LMF, EV 91.9 MPH)
|
| Bottom of the 7th over - 0 runs, 1 hit, 0 errors, 1 left on base; Texas 3 - Minnesota 2 |
| TOP OF THE 8TH |
|
Texas Rangers batting - Pitching for Minnesota Twins : RHP Gerbrand van de Bilt
|
|
Pitching: RHP Matt Lundy
|
|
|
Batting: RHB Chris Torlak
|
0-0: DOUBLE (Groundball, 5L, EV 97.5 MPH)
|
|
Batting: SHB Tony Prado
|
0-0: Ball 1-0: Called Strike 1-1: Foul Ball, location: 2F 1-2: Ball 2-2: Foul Ball, location: 2F 2-2: Ground out U3 (Groundball, 34, EV 101.9 MPH) Chris Torlak to third
|
|
Batting: LHB Sean Geisler
|
0-0: Foul Ball, location: 2F 0-1: SINGLE (Groundball, 34, EV 100.0 MPH) Chris Torlak scores
|
|
Batting: SHB Rich Chavez
|
0-0: Ball 1-0: Ball 2-0: DOUBLE (Groundball, 3L, EV 100.6 MPH) Sean Geisler to third
|
|
Batting: RHB Marc Peckermark
|
0-0: Called Strike 0-1: Foul Ball, location: 2F 0-2: Strikes out swinging
|
|
Batting: SHB Vince Ealy
|
0-0: Called Strike 0-1: Ground out 6-3 (Groundball, 56D, EV 101.9 MPH)
|
| Top of the 8th over - 1 run, 3 hits, 0 errors, 2 left on base; Texas 4 - Minnesota 2 |
| BOTTOM OF THE 8TH |
|
Minnesota Twins batting - Pitching for Texas Rangers : RHP Mark Lopez
|
|
Batting: RHB Greg Harman
|
0-0: Called Strike 0-1: Called Strike 0-2: Ball 1-2: Ball 2-2: Foul Ball, location: 2F 2-2: Strikes out swinging
|
|
Batting: LHB Peer Derks
|
0-0: Ball 1-0: Foul Ball, location: 2F 1-1: Swinging Strike 1-2: Ball 2-2: Ball 3-2: Ground out 3-1 (Groundball, 34S, EV 86.2 MPH)
|
|
Batting: RHB Miguel Diaz
|
0-0: Ball 1-0: Ball 2-0: Called Strike 2-1: Foul Ball, location: 2F 2-2: Strikes out swinging
|
| Bottom of the 8th over - 0 runs, 0 hits, 0 errors, 0 left on base; Texas 4 - Minnesota 2 |
| TOP OF THE 9TH |
|
Texas Rangers batting - Pitching for Minnesota Twins : RHP Matt Lundy
|
|
Pitching: RHP Brad Harth
|
|
|
Batting: RHB Hiroshige Yamada
|
0-0: Ball 1-0: Foul Ball, location: 2F 1-1: Swinging Strike 1-2: Ball 2-2: Ball 3-2: Strikes out swinging
|
|
Batting: RHB Zhao-ji Chi
|
0-0: Called Strike 0-1: Ball 1-1: Ball 2-1: Swinging Strike 2-2: Foul Ball, location: 2F 2-2: Strikes out looking
|
|
Batting: RHB Imbart Faber
|
0-0: Ball 1-0: Ball 2-0: Ball 3-0: Called Strike 3-1: Fly out, F9 (Line Drive, 9S, EV 90.0 MPH)
|
| Top of the 9th over - 0 runs, 0 hits, 0 errors, 0 left on base; Texas 4 - Minnesota 2 |
| BOTTOM OF THE 9TH |
|
Minnesota Twins batting - Pitching for Texas Rangers : RHP Mark Lopez
|
|
Pitching: RHP Mike Webb
|
|
|
Batting: RHB Will Leslie
|
0-0: Called Strike 0-1: Called Strike 0-2: Ball 1-2: Foul Ball, location: 2F 1-2: Foul Ball, location: 2F 1-2: Ball 2-2: Fly out, F6 (Flyball, 6D, EV 90.6 MPH)
|
|
Batting: LHB Harris Vink
|
0-0: Called Strike 0-1: Ground out U3 (Groundball, 34, EV 98.8 MPH)
|
|
Batting: LHB Per Meulengracht
|
0-0: Called Strike 0-1: Ball 1-1: SINGLE (Line Drive, 34D, EV 98.8 MPH)
|
|
Batting: RHB Alex Rodriguez Jr.
|
0-0: Ball 1-0: Called Strike 1-1: Foul Ball, location: 2F 1-2: Foul Ball, location: 2F 1-2: 2-RUN HOME RUN (Flyball, 7D, EV 96.9 MPH), Distance : 373 ft
|
|
Batting: RHB John Creel
|
0-0: Foul Ball, location: 2F 0-1: Called Strike 0-2: Strikes out swinging
|
| Bottom of the 9th over - 2 runs, 2 hits, 0 errors, 0 left on base; Texas 4 - Minnesota 4 |
| TOP OF THE 10TH |
|
Texas Rangers batting - Pitching for Minnesota Twins : RHP Brad Harth
|
|
Batting: RHB Chris Torlak
|
0-0: Called Strike 0-1: Ball 1-1: Swinging Strike 1-2: Ground out 4-3 (Groundball, 4, EV 84.4 MPH)
|
|
Now at 2B: Matt Dunn
|
|
|
Batting: SHB Tony Prado
|
0-0: Called Strike 0-1: Ball 1-1: Foul Ball, location: 2F 1-2: Ball 2-2: Ball 3-2: Strikes out looking
|
|
Batting: LHB Sean Geisler
|
0-0: Foul Ball, location: 2F 0-1: Swinging Strike 0-2: Ball 1-2: Strikes out swinging
|
| Top of the 10th over - 0 runs, 0 hits, 0 errors, 0 left on base; Texas 4 - Minnesota 4 |
| BOTTOM OF THE 10TH |
|
Minnesota Twins batting - Pitching for Texas Rangers : RHP Mike Webb
|
|
Pitching: RHP Gilberto Dominguez
|
|
|
Batting: RHB Matt Dunn
|
0-0: Ball 1-0: Ball 2-0: Called Strike 2-1: Called Strike 2-2: Ground out 6-3 (Groundball, 6, EV 88.8 MPH)
|
|
Batting: RHB Greg Harman
|
0-0: Ball 1-0: Called Strike 1-1: SINGLE (Line Drive, 34, EV 95.0 MPH)
|
|
Batting: LHB Peer Derks
|
0-0: Called Strike 0-1: Ball 1-1: Ball Greg Harman steals 2nd, throwing error, E2 Greg Harman to third 2-1: Intentional Walk
|
|
Batting: RHB Miguel Diaz
|
0-0: Foul Ball, location: 2F 0-1: Called Strike 0-2: Ball 1-2: Ball 2-2: Foul Ball, location: 2F 2-2: Strikes out looking
|
|
Batting: RHB Will Leslie
|
0-0: Called Strike 0-1: Ball 1-1: SINGLE (Line Drive, 5D, EV 100.6 MPH) Greg Harman scores
|
| Bottom of the 10th over - 1 run, 2 hits, 1 error, 1 left on base; Texas 4 - Minnesota 5 |
|